 Dungeon Crawl Stone Soup version 0.31-a0-744-gbc345e7fcb (webtiles) character file.

Game seed: 3926760730398378574

56 Dirtsage the Chopper (level 3, -1/29 HPs)
             Began as a Demonspawn Berserker on Sept 13, 2023.
             Was a Believer of Trog.
             Slain by a gnoll
             ... wielding a +0 halberd
              (2 damage)
             ... on level 2 of the Dungeon.
             The game lasted 00:04:08 (1098 turns).

Dirtsage the Chopper (Demonspawn Berserker)         Turns: 1098, Time: 00:04:09

Health: -1/29      AC:  6    Str: 19    XL:     3   Next: 69%
Magic:  3/3        EV: 10    Int:  8    God:    Trog [**....]
Gold:   58         SH:  0    Dex: 12    Spells: 2/2 levels left

rFire   + .          .
                       - Unarmed
rCold   + . .        (no shield)
rNeg    . . .        e - +0 scale mail
rPois   .            (no helmet)
rElec   .            i - scarf {rC+ rF+}
rCorr   .            (no gloves)
SInv    .            (no boots)
Will    .....        (no amulet) Stlth
                     (no ring)
HPRegen 0.24/turn    (no ring)
MPRegen 0.08/turn

%: no passive effects
@: no status effects
A: demonic touch 1
a: Renounce Religion, Berserk, Trog's Hand


You were on level 2 of the Dungeon.
You worshipped Trog.
Trog was pleased with you.
You visited 1 branch of the dungeon, and saw 2 of its levels.

You collected 58 gold pieces.

Inventory:

Missiles
 j - a throwing net
Armour
 b - a +0 animal skin
 e - a +0 scale mail (worn)
 i - a scarf of resistance (worn)
Scrolls
 a - a scroll of acquirement {unknown}
 c - 2 scrolls of identify {unknown}
 f - a scroll of teleportation {unknown}
 h - a scroll of silence {unknown}
Potions
 d - a potion of curing {unknown}
 g - a potion of heal wounds {unknown}


   Skills:
 - Level 3.0 Fighting
 - Level 3.2 Axes
 - Level 1.7 Armour
 - Level 1.7 Dodging
 + Level 2.4 Unarmed Combat


You had 2 spell levels left.
You didn't know any spells.
Your spell library was empty.

Dungeon Overview and Level Annotations

Branches:
Dungeon (2/15)

Altars:


Innate Abilities, Weirdness & Mutations

Your touch may inflict minor irresistible damage on your foes.


Message History

You closely miss the ball python.
The ball python bites you but does no damage.
The ball python constricts you.
You hit the ball python.
The ball python is severely wounded.
The ball python bites you but does no damage.
The ball python constricts you.
You take 1 damage, and have 24/29 hp.
You hit the ball python but do no damage.
The ball python is severely wounded.
The ball python bites you but does no damage.
The ball python constricts you.
You take 1 damage, and have 23/29 hp.
You hit the ball python.
You kill the ball python!
Trog accepts your kill.
You hit the hobgoblin.
The hobgoblin is severely wounded.
The hobgoblin closely misses you.
You hit the hobgoblin.
You kill the hobgoblin!
Trog accepts your kill.
The gnoll hits you from afar with a +0 halberd.
You take 1 damage, and have 23/29 hp.
The gnoll hits you with a +0 halberd!
Things that are here:
a hobgoblin corpse; a worm corpse You take 9 damage, and have 14/29 hp.
MASSIVE DAMAGE!!
You hit the gnoll.
The gnoll is moderately wounded.
The gnoll closely misses you.
You closely miss the gnoll.
You touch the gnoll!
The gnoll is almost dead.
The gnoll hits you with a +0 halberd!
* * * LOW HITPOINT WARNING * * *
You take 14 damage, and have 1/29 hp.
MASSIVE DAMAGE!!
You closely miss the gnoll.
The gnoll is almost dead.
The gnoll hits you with a +0 halberd.
You die...

....############
....##.........#
....##.........#
....##.........#
.....'.....>...#### #######
######............### .......
#.........##...#### .......
#.......÷.####....##...(...
#####..........@ggg............
##..†..........#######..........
..........###### #..........
..........# #..........
..........# ##......###
..........# #.###### ..†.......#
#.. ..........# ### .......####


You could see 3 gnolls.

Vanquished Creatures
  A worm (D:2)
  A dart slug (D:1)
  4 bats
  3 endoplasms (D:1)
  2 goblins (D:1)
  5 hobgoblins
  7 jackals
  3 kobolds (D:1)
  4 quokkas (D:1)
  5 ball pythons
  A frilled lizard (D:1)
  10 rats
46 creatures vanquished.

Notes
Turn   | Place    | Note
-------+----------+-------------------------------------------
     0 | D:1      | Dirtsage the Demonspawn Berserker began the quest for the
                  | Orb.
     0 | D:1      | Reached XP level 1. HP: 18/18 MP: 1/1
   202 | D:1      | Discovered your monstrous ancestry.
   202 | D:1      | Gained mutation: Your touch may inflict minor irresistible
                  | damage on your foes. [demonic ancestry]
   202 | D:1      | Reached XP level 2. HP: 22/24 MP: 2/2
   333 | D:1      | Reached skill level 1 in Unarmed Combat
   487 | D:1      | Reached XP level 3. HP: 28/29 MP: 3/3
   577 | D:1      | Reached ** piety under Trog
  1097 | D:2      | HP: 1/29 [gnoll/+0 halberd (14)]
  1098 | D:2      | Slain by a gnoll

Illustrated notes

Levels and vault maps discovered:
D:1:      eino_arrival_water_star, layout_loops_cross, fountainhead
D:2:      layout_basic

Skill      XL: |  1  2  3 |
---------------+----------+-----
Axes           | 3 |  3.2
Unarmed Combat | 1 2 |  2.4
Fighting       | |  3.0
Armour         | |  1.7
Dodging        | |  1.7

Action                     || total
---------------------------++-------
  Melee: Hand axe          ||    30
         Unarmed           ||    99
         Touch             ||    14
         Punch             ||     2
 Armour: Animal skin       ||    32
         Scale mail        ||    51
  Dodge: Dodged            ||    65

Table legend: (Time is in decaauts)
 A = Elapsed time spent in this place.
 B = Non-inter-level travel time spent in this place.
 C = Inter-level travel time spent in this place.
 D = Time resting spent in this place.
 E = Time spent auto-exploring this place.
 F = Levels seen in this place.
 G = Mean time per level.
                   A        B        C        D        E       F      G
               +--------+--------+--------+--------+--------+-----+--------+
         Total |   1100 |   1071 |     29 |      0 |    801 |   2 |  550.0 |
       Dungeon |   1100 |   1071 |     29 |      0 |    801 |   2 |  550.0 |
               +--------+--------+--------+--------+--------+-----+--------+

Top non-repeatable levels by time:
     D:1: 841 daAuts
     D:2: 259 daAuts
